[Event "4th Tata Steel India Blitz Women 2022"]
[Site "Kolkota"]
[Date "2022.12.03"]
[Round "1.1"]
[White "Vaishali, Rameshbabu"]
[Black "Harika, Dronavalli"]
[Result "1/2-1/2"]
[ECO "D11"]
[WhiteElo "2454"]
[BlackElo "2507"]
[Annotator "TA"]
[PlyCount "93"]
[EventDate "2022.11.29"]
[EventType "tourn"]
[EventCountry "IND"]
[SourceTitle "playchess.com"]
[Source "ChessBase"]
[SourceQuality "1"]
[TimeControl "180+2"]

1. d4 d5 2. Nf3 Bf5 3. g3 e6 4. Bg2 h6 5. O-O Nf6 6. c4 c6 7. Qb3 Qb6 8. c5 Qc7 {[%emt 0:00:05] D11: Slav Defence: 3 Nf3 sidelines and 3...Nf6 4 e3 Bg4.} 9. Bf4 Qc8 10. Nc3 Be7 {[%emt 0:00:02] The position is equal.} 11. Nd2 O-O 12. e4 Bg6 13. Rfe1 Re8 {[%emt 0:00:13] [#]} 14. a4 $146 ({Predecessor:} 14. exd5 Nxd5 15. Nxd5 cxd5 16. Qc3 b6 17. Nb3 Nc6 18. Rac1 b5 19. a4 b4 20. Qd2 {1-0 (44) Stupak,K (2567)-Ankit,R (2477) Moscow 2015}) 14... a5 15. h3 Nbd7 16. exd5 exd5 17. Re2 Nf8 18. Rae1 Ne6 19. Be5 (19. Nf3 $15) 19... Nd7 $17 {[%emt 0:00:30] And now ...Nxe5 would win.} 20. Nf3 Ndf8 (20... Bh5 $17 {Strongly threatening ...Nxe5.} 21. g4 Nxe5 22. Rxe5 Bg6) 21. g4 Bd3 {[%emt 0:00:11] [#]} (21... Ra6 $15) 22. Re3 ({White should play} 22. Nxd5 $1 $14 Bxe2 23. Nb6) 22... Bh7 23. Qd1 (23. Bg3 $11) 23... Qd8 (23... b6 $15 24. cxb6 Qb7) 24. Bg3 (24. Qb3 $5 ) 24... Ng6 25. Ne5 $2 (25. Qb3 $11) 25... Nxe5 ({Black should try} 25... Bg5 $1 $19 26. Rf3 (26. Nxf7 $2 Kxf7 27. Rxe6 Rxe6 $19) 26... Nxe5 27. Bxe5 b6) 26. Bxe5 b6 27. cxb6 Qxb6 28. R3e2 (28. Ne2 $142) 28... Bg5 29. Rf1 (29. Na2 $17) 29... Bf4 (29... f6 $19 {and Black stays clearly on top.} 30. Bg3 Nxd4 31. Rxe8+ Rxe8) 30. Bf3 $2 (30. Bxd5 $17 Bxe5 31. Bxe6 Bxd4 32. Bc4) 30... Ra7 $4 (30... Bxe5 $19 31. Rxe5 Nxd4 32. Rxe8+ Rxe8) 31. Kg2 $4 (31. Bxf4 $18 Rc8 32. Be3) 31... Bxe5 32. Rxe5 Nf4+ (32... Qxd4 $2 33. Qxd4 Rae7 34. Rxe6 $1 Rxe6 35. Qc5 $18) (32... Qxb2 $2 33. Qc1 Rb7 34. Ne2 $19) 33. Kg3 Rxe5 34. dxe5 g5 (34... Qxb2 35. Qc1 Nd3 36. Qxb2 Nxb2 37. Rc1 $17) 35. Re1 Re7 (35... Qxb2 $2 36. Qa1 Qb6 37. Rf1 $19) 36. Qd2 Qb4 37. h4 Ng6 (37... Nd3 $2 38. Re2 gxh4+ 39. Kxh4 $19) (37... Re6 $142 38. hxg5 hxg5) 38. hxg5 $19 hxg5 (38... h5 $1 $19 {aiming for ...h4+.} 39. Rd1 (39. gxh5 $2 Qh4+ 40. Kg2 Nf4+ 41. Kg1 Qxg5+ 42. Kh2 Qh4+ 43. Kg1 Bf5 $19) 39... h4+ 40. Kh3 Nxe5 41. Nxd5 cxd5 42. Qxb4 axb4) 39. Qxg5 $11 Qxb2 $2 (39... Re6 $11) 40. Re3 $2 {[%emt 0:00:04] [#]} (40. Rb1 $1 $18 Qxb1 41. Nxb1) 40... d4 (40... Qb8 $1 $17 {...d4 is the strong threat.} 41. Ne2 Rxe5 42. Rxe5 Qxe5+ 43. Qxe5 Nxe5) 41. Rd3 Qb4 (41... dxc3 42. Rd8+ (42. Bxc6 $2 Rxe5 43. Qf6 c2 $19) (42. Bxc6 $2 Rxe5 43. Qf6 c2 $19)) (41... Qc2 $2 42. Rxd4 Rxe5 43. Qh6 $18 (43. Rd8+ Kg7 $11)) (41... Qb6 $11 42. Ne4 Rxe5 43. Nf6+ Kg7 44. Nh5+ Kg8 45. Nf6+ Kg7 46. Nh5+ Kg8 47. Nf6+) 42. Ne4 $1 $14 Rxe5 43. Nf6+ ({Better is} 43. Qd8+ $16 Qf8 44. Rxd4 (44. Qxd4 Qe7 $14)) 43... Kg7 $11 44. Nh5+ Kg8 $2 (44... Kf8 $1 $11 {and Black stays safe.} 45. Qd8+ Re8 46. Qxd4 (46. Qf6 Re6 $11) 46... Ne5) 45. Nf6+ {[%emt 0:00:03][%mdl 1024] White has strong compensation.} Kg7 46. Nh5+ Kg8 {[%emt 0:00:02] [#]} 47. Nf6+ $2 {[%emt 0:00:04] White used his chance.   Weighted Error Value: White=0.75/Black=0.67} (47. Qd8+ $1 $18 Qf8 48. Rxd4 (48. Qxd4 c5 $16)) 1/2-1/2

[Event "4th Tata Steel India Blitz Women 2022"]
[Site "Kolkota"]
[Date "2022.12.03"]
[Round "1.2"]
[White "Muzychuk, Mariya"]
[Black "Kulkarni Bhakti"]
[Result "1-0"]
[ECO "C41"]
[WhiteElo "2528"]
[BlackElo "2359"]
[Annotator "TA"]
[PlyCount "105"]
[EventDate "2022.11.29"]
[EventType "tourn"]
[EventCountry "IND"]
[SourceTitle "playchess.com"]
[Source "ChessBase"]
[SourceQuality "1"]
[TimeControl "180+2"]

1. e4 d6 2. d4 Nf6 3. Nc3 e5 4. Nf3 Nbd7 5. Bc4 Be7 6. a4 O-O 7. O-O c6 8. Re1 h6 {[%emt 0:00:04] seems to push 8...b6 aside.} 9. h3 Re8 10. a5 {[%emt 0:00:05] C41: Philidor Defence.} Rb8 11. Be3 b5 12. axb6 {[%emt 0:00:01] White is slightly better.} axb6 13. d5 b5 (13... Bb7 $14) 14. dxc6 $16 bxc4 {[%emt 0:00:04] [#]} 15. cxd7 $146 {[%emt 0:00:01] White has more active pieces.} ({White has to play} 15. Ra7 $1 $16 {Threatens to win with c7.} Bb7 16. cxb7) ({Predecessor:} 15. Ra7 Bb7 16. Rxb7 Rxb7 17. cxb7 Qc7 18. Qe2 Qxb7 19. Qxc4 Qxb2 20. Rb1 Qa3 21. Rb7 {1-0 (31) Brkic,A (2595)-Sanal,V (2581) Chess.com INT 2020}) 15... Bxd7 16. Qc1 Ra8 17. Rd1 Qc7 18. Rxa8 Rxa8 19. Nh4 (19. Nh2 $15) 19... Bf8 (19... Qb7 $17 20. f3 g5) 20. f4 (20. f3 $15) 20... exf4 21. Bxf4 (21. Bd4 $17 Nh5 22. Re1) 21... g5 $19 22. Bxg5 hxg5 23. Qxg5+ Bg7 24. Kh1 Ra5 {[%emt 0:00:11] Inhibits Nb5.} 25. Nd5 Nxd5 (25... Nxe4 26. Qe3 (26. Qxg7+ $2 Kxg7 27. Nxc7 Nf2+ 28. Kg1 Nxd1 $19) 26... Rxd5 27. Rxd5 $15) 26. exd5 Ra8 27. Re1 Re8 $2 (27... Qd8 $19 28. Qxd8+ Rxd8) 28. Rxe8+ $11 Bxe8 29. Nf5 f6 30. Qg3 Kf8 (30... Qd7 $5 31. Nxg7 Qxg7 32. Qxd6 Qg5 $15) 31. Nxd6 $2 (31. b4 $11) 31... Ba4 $2 (31... Bf7 $19 32. Kh2 Bh6) 32. c3 $2 (32. Qa3 $11 {and White stays safe.} Qe7 33. Qxa4 (33. Nxc4 Bh6 $15) 33... Qe1+ 34. Kh2 Qe5+ 35. g3 Qe2+ 36. Kh1 Qe1+ 37. Kh2 Qf2+ 38. Kh1 Qe1+ 39. Kh2 Qf2+ 40. Kh1 Qe1+) 32... Bc2 33. h4 $2 (33. Qf4 $17) 33... Qb8 (33... Bh6 $142 34. Nf5 Qxg3 35. Nxg3 Bd3) 34. h5 {[%emt 0:00:02] [#]} (34. Qf4 {was worth a try.}) 34... Qd8 $2 ({Stronger than} 34... Qxb2 35. Qe3 Kg8 36. h6 Bxh6 37. Qe8+ Kh7 38. Qf7+ (38. Nxc4 $2 {loses.} Qc1+ 39. Kh2 Qf4+ 40. Kg1 Qxc4 $19) 38... Bg7 39. Qh5+ Bh6 40. Qf7+ (40. Nxc4 $2 {perishes.} Qc1+ 41. Kh2 Qf4+ 42. Kg1 Qxc4 $19) 40... Bg7 41. Qh5+ Bh6 42. Qf7+ $11 (42. Nxc4 $2 Qc1+ 43. Kh2 Qf4+ 44. Kh1 Qf1+ 45. Kh2 Qxc4 $19)) (34... Bh6 $1 $19 {And now ...Bd3 would win.} 35. Qf2 Qxd6 36. Qxc2 Qxd5) 35. Nxc4 (35. Qf4 $11 {was the only way to keep the balance.}) 35... Qxd5 $17 36. Ne3 (36. Qh4 $17) 36... Qxh5+ $19 37. Kg1 Be4 $2 ({Black should play} 37... Qc5 $19 {...Bh6 is the strong threat.} 38. b4 Qb6) 38. Qb8+ $2 (38. Qd6+ $11 {and White is okay.} Kf7 39. Qd7+ Kf8 40. Qd6+ Kf7 41. Qd7+ Kf8 42. Qd6+) 38... Kf7 39. Qc7+ Kg8 $4 (39... Kg6 $19 {and all is fine. Strongly threatening ...Qg5.} 40. Qg3+ Kh7) 40. Qb8+ $4 (40. Qc4+ $18 {is the narrow road to win.} Qf7 41. Qxe4) 40... Kh7 {[%emt 0:00:01] White must now prevent ...Qg5.} 41. Qf4 Qe5 42. Qh4+ Kg8 43. Qf2 Bh6 $2 ({Black should try} 43... Qg5 $19 {Hoping for ...f5.} 44. Nf1 f5) 44. Ng4 $11 {[%emt 0:00:01][%csl LRe5,LRf6,LRh6] Inhibits f5.} Qf4 (44... Qe6 $11 45. Nxh6+ Kg7) 45. Nxf6+ {[%emt 0:00:01] White mates.} Kf7 46. Qxf4 {[%emt 0:00:01][%mdl 64] Remove Defender} Bxf4 47. Nxe4 {[%emt 0:00:01] KB-KN} Ke6 48. Kf2 Kf5 49. Kf3 Bc7 50. g4+ Ke5 51. b4 Bb6 52. g5 Kf5 53. c4 {[%emt 0:00:01] Weighted Error Value: White=0.64/Black=0.90} (53. b5 $142 Ke6 54. g6 Ke7 55. c4 Kf8 56. c5 Bd8 57. b6 Ke8 58. Nd6+ Kf8 59. Nb5) 1-0

[Event "4th Tata Steel India Blitz Women 2022"]
[Site "Kolkota"]
[Date "2022.12.03"]
[Round "1.3"]
[White "Kiolbasa, Oliwia"]
[Black "Ushenina, Anna"]
[Result "1/2-1/2"]
[ECO "B41"]
[WhiteElo "2406"]
[BlackElo "2454"]
[Annotator "TA"]
[PlyCount "148"]
[EventDate "2022.11.29"]
[EventType "tourn"]
[EventCountry "IND"]
[SourceTitle "playchess.com"]
[Source "ChessBase"]
[SourceQuality "1"]
[TimeControl "180+2"]

1. e4 c5 2. Nf3 e6 3. d4 cxd4 4. Nxd4 a6 5. c4 Nf6 6. Nc3 Qc7 7. Be2 Bb4 8. O-O O-O {[%emt 0:00:06] B41: Sicilian: Kan Variation: 5 c4.} 9. Bg5 Bxc3 10. Bxf6 Bb4 {[%emt 0:00:01][%cal Bc3b4,Bb4d6,Bd6e5][%mdl 32] White has an edge.} 11. Bg5 Bd6 12. h3 Nc6 {[%emt 0:00:14] [#]} 13. Be3 $146 ({Predecessor:} 13. Nxc6 dxc6 14. Be3 c5 15. f4 b6 16. e5 Be7 17. Bf3 Bb7 18. Bxb7 Qxb7 19. Qc2 {½-½ (59) Tari,A (2520)-Grandelius,N (2623) Oslo 2015}) 13... Be5 14. Rc1 d6 15. f4 Nxd4 16. Bxd4 Bxd4+ 17. Qxd4 e5 18. Qe3 exf4 19. Qxf4 Qc5+ 20. Kh1 Be6 21. Rcd1 Qe5 22. b3 Rfd8 23. Bg4 Qxf4 24. Rxf4 Bxg4 25. Rxg4 $11 {[%emt 0:00:06][%mdl 4096] Endgame KRR-KRR} Kf8 26. Kg1 h6 27. Rf4 Ke7 28. Rf5 Rac8 29. Rfd5 Rc5 30. Kf2 Rxd5 31. exd5 {[%emt 0:00:06] KR-KR} Kd7 32. Ke3 Re8+ 33. Kd3 Re5 34. Rf1 f6 35. Rf2 b5 36. a4 Kc7 37. axb5 axb5 38. Ra2 ({Of course not} 38. cxb5 Rxd5+ 39. Kc4 Rc5+ 40. Kb4 Kb6 $17) 38... Kb6 {[%emt 0:00:02] Prevents Ra7.} 39. Ra8 {[%emt 0:00:02] Black must now prevent Rc8.} bxc4+ 40. bxc4 {[%emt 0:00:01] Rc8 is the strong threat.} Rg5 $2 (40... Kb7 $1 $11 41. Rf8 Rg5) 41. g4 $2 (41. Rc8 $1 $18) 41... h5 $2 {[%emt 0:00:01][%mdl 8192] [#]} (41... Kc7 $11 {and Black has nothing to worry.}) 42. gxh5 $2 (42. Rc8 $1 $18 hxg4 43. Rc6+ Ka7 44. hxg4 (44. Rxd6 $2 {too greedy.} g3 $19)) 42... Rxh5 43. Rb8+ Kc7 44. Rg8 Rxh3+ 45. Ke4 Rh4+ 46. Kf5 Rxc4 47. Rxg7+ Kb6 48. Ke6 Rc7 $2 {[%emt 0:00:06][%mdl 8192] [#]} (48... f5 $11) 49. Rg1 $2 (49. Rxc7 $1 Kxc7 50. Kxf6 Kb6 51. Kf7 Kb7 52. Ke6 Kc7 53. Ke7 Kc8 54. Kxd6) 49... Rc2 50. Kxd6 Kb7 51. Kd7 f5 $1 52. Rb1+ Ka8 $2 (52... Ka7 $11) 53. d6 Rh2 54. Kc7 Rc2+ 55. Kd8 f4 56. d7 f3 57. Rf1 $2 (57. Ke7 {mates} Re2+ 58. Kd6 Rd2+ 59. Kc7 Rc2+ 60. Kb6 Rd2 61. Rc1 Rb2+ 62. Kc7) 57... f2 {[%emt 0:00:01] The position is equal.} 58. Ke7 (58. Rb1 $5 Ka7 $8 59. Ke8 (59. Ke7 Re2+ 60. Kf8 Rd2 $11) 59... Re2+ 60. Kf8 $11) 58... Re2+ 59. Kf7 (59. Kd6 $5 Rd2+ $8 60. Ke6 Re2+ 61. Kf6 $11) 59... Rd2 {[%emt 0:00:01] Against d8Q+} 60. Ke7 (60. Ke6 $5 Re2+ $8 61. Kf6 $11) 60... Re2+ 61. Kd6 (61. Kf6 $5 Rd2 $8 62. Ke7 Re2+ $11) 61... Rd2+ 62. Kc7 (62. Ke6 $5 Re2+ $8 63. Kf6 $11) 62... Rc2+ 63. Kb6 (63. Kd6 $5 Rd2+ $8 64. Ke7 Re2+ $11) 63... Rb2+ 64. Kc6 (64. Kc7 $5 Rc2+ $8 65. Kd6 Rd2+ 66. Ke6 Re2+ 67. Kf6 $11) 64... Rc2+ 65. Kb6 Rb2+ 66. Kc6 Rc2+ 67. Kd6 Rd2+ 68. Ke7 {[%emt 0:00:00][%cal Of1f2] Rxf2! would kill now.} (68. Ke6 $5 Re2+ $8 69. Kf5 $11) 68... Re2+ 69. Kd8 (69. Kd6 $5 Rd2+ $8 $11) 69... Rd2 70. Rb1 {[%emt 0:00:09] Threatening mate with Kc7.} (70. Ke8 $5 Re2+ $8 71. Kf7 $11) 70... Ka7 71. Kc7 {[%emt 0:00:03] Intending Ra1+ and mate.} Rc2+ 72. Kd6 Rd2+ 73. Kc6 $1 Rc2+ $1 74. Kd6 (74. Kd5 $5 Rd2+ $8 75. Ke6 $11) 74... Rd2+ {Black defended with fortune.   Weighted Error Value: White=0.38/Black=0.55} 1/2-1/2

[Event "4th Tata Steel India Blitz Women 2022"]
[Site "Kolkota"]
[Date "2022.12.03"]
[Round "1.4"]
[White "Savitha Shri B"]
[Black "Dzagnidze, Nana"]
[Result "1-0"]
[ECO "B53"]
[WhiteElo "2411"]
[BlackElo "2517"]
[Annotator "TA"]
[PlyCount "79"]
[EventDate "2022.11.29"]
[EventType "tourn"]
[EventCountry "IND"]
[SourceTitle "playchess.com"]
[Source "ChessBase"]
[SourceQuality "1"]
[TimeControl "180+2"]

1. e4 c5 2. Nf3 d6 3. d4 cxd4 4. Qxd4 a6 5. Be2 Nc6 6. Qe3 {[%emt 0:00:01] B53: Sicilian: 2...d6: Lines with Qxd4.} g6 7. O-O Bg7 8. Rd1 $1 {[%emt 0:00:05][%mdl 4] The position is equal. is recently more successful than 8.h3.} Nf6 9. h3 Bd7 ({Black should try} 9... O-O $11) 10. c4 $14 O-O 11. Nc3 Rb8 12. Rb1 Ne8 {[%emt 0:00:29] [#]} 13. b3 $146 ({Predecessor:} 13. b4 Nc7 14. c5 dxc5 15. bxc5 e5 16. Nd5 Nd4 17. Nxd4 exd4 18. Rxd4 Bc6 19. Rd1 {1-0 (29) Daulyte Cornette,D (2364)-Liang,A (2266) Doha 2014}) 13... Nc7 14. Bb2 b5 15. Nd5 Bxb2 (15... e5 $14) 16. Rxb2 $16 f6 17. h4 {[%emt 0:00:18] White is much more active.} (17. c5 $16) 17... Ne6 (17... Ne5 $14 {is more appropriate.}) 18. h5 g5 19. Nh2 ({Better is} 19. b4 $1 $16) 19... Ne5 20. cxb5 axb5 21. Ng4 Kh8 22. Nh6 (22. Rbd2 $5 ) 22... Ng7 23. Rbd2 (23. Rc2 $14) 23... Be8 24. Nf5 Nxf5 25. exf5 Bc6 26. Qg3 Qd7 27. b4 (27. h6 $11) 27... Bxd5 (27... g4 {is interesting.} 28. Bxg4 Rg8 29. f3 Bxd5 30. Rxd5 Rbc8) 28. Rxd5 Qxf5 29. Bd3 {[%emt 0:00:05] Against Qc2} Qd7 30. Bb1 (30. Be2 $15) 30... Rbc8 31. Qe3 Qe8 32. h6 Qf7 (32... Qh5 {is more complex.} 33. Bf5 Rce8 34. Bc2 Rb8) 33. Qe4 (33. Rxb5 $15 Rc4 34. Rd4) 33... Rc4 $19 34. Qe3 (34. R5d4 $17 {might work better.}) 34... Rxb4 35. a3 $2 {[#]} (35. R5d4 Rxd4 36. Qxd4) 35... Rb2 $2 (35... Qxd5 $3 $19 {[%mdl 512] has better winning chances.} 36. Bc2 Qc6 37. axb4 Qxc2) 36. Qc3 $2 {[%emt 0:00:02][%mdl 8192] [#]} (36. Qc1 $17 Re2 37. Rxb5) 36... Nc4 $2 (36... Rxb1 $1 $19 37. Rxb1 Qxd5) 37. a4 $2 {[%emt 0:00:04][%mdl 8192] [#]} (37. Rxg5 $11 {and White stays safe.} Rb3 38. Qxb3 fxg5 39. Qc2) 37... Rc8 $4 (37... Rxb1 $1 $19 38. Rxb1 Qxd5 39. axb5 Rc8) 38. axb5 $4 {[%emt 0:00:02][%mdl 8192] [#]} (38. Rxg5 $18 {and life is good for White. Threatens to win with Rg7.} b4 39. Qh3) 38... Qe6 $4 (38... Rxb1 $1 $19 39. Rxb1 (39. Qh3 Rxd1+) 39... Qxd5) 39. Qd3 $2 (39. Bf5 Qe2 40. Rf1) 39... Ne5 $2 (39... Qf7 $18) 40. Qxh7# {[%emt 0:00:01] Never resign too early!   Weighted Error Value: White=1.12/Black=0.75} 1-0

[Event "4th Tata Steel India Blitz Women 2022"]
[Site "Kolkota"]
[Date "2022.12.03"]
[Round "1.5"]
[White "Muzychuk, Anna"]
[Black "Koneru, Humpy"]
[Result "0-1"]
[ECO "C43"]
[WhiteElo "2525"]
[BlackElo "2574"]
[Annotator "TA"]
[PlyCount "32"]
[EventDate "2022.11.29"]
[EventType "tourn"]
[EventCountry "IND"]
[SourceTitle "playchess.com"]
[Source "ChessBase"]
[SourceQuality "1"]
[TimeControl "180+2"]

1. e4 e5 2. Nf3 Nf6 3. d4 Nxe4 4. dxe5 Bc5 (4... d5 5. Nbd2 Nxd2 6. Bxd2 Be7 7. Bd3 c5 8. c3 Bg4 9. h3 Bh5 10. O-O Nc6 11. Re1 Qd7 12. Bf4 a6 13. a4 Nd8 14. g4 Ne6 15. Bg3 Bg6 16. Bf5 Qc6 17. a5 {½-½ (32) Muzychuk,A (2534)-Koneru,H (2574) Monaco 2022}) 5. Bc4 Nxf2 (5... Bxf2+ 6. Kf1 d5 7. Qxd5 Qxd5 8. Bxd5 $16) 6. Bxf7+ $1 {[%emt 0:00:01][%mdl 64] [#] Decoy. C43: Petroff Defence: 3 d4.} Kxf7 7. Qd5+ Kg6 8. Qxc5 {[%emt 0:00:03] The position is equal.} Nxh1 9. Nc3 {[%emt 0:00:04] Hoping for Qc4.} d6 $5 {[%emt 0:00:02][%mdl 4] An interesting side line.} (9... d5 10. Nxd5 h6 11. Qc4 $16) 10. Qc4 {[%emt 0:00:09] aiming for e6.} h6 $1 {[%emt 0:00:02] [#]} 11. e6 $146 {[%emt 0:00:14] Intending Qe4+ and mate.} ({Predecessor:} 11. Nd5 Rf8 12. Qe4+ Kf7 13. Bxh6 gxh6 14. Qh7+ Ke8 15. Nxc7+ Qxc7 16. Qxc7 Na6 17. Qxd6 Bf5 18. O-O-O Rc8 19. Nd4 Rd8 20. Qxh6 Nf2 21. Qh5+ Kd7 22. e6+ {1-0 (22) Almasi,Z (2707)-Giri,A (2714) Beijing 2011}) 11... Kh7 {[%emt 0:00:04] Strongly threatening ...Qe8.} 12. Nd5 {[%emt 0:00:15] [#]} (12. Qe4+ $11 {was the only way to keep the balance.} Kg8 13. Nd5) 12... Re8 $1 $17 (12... Bxe6 $2 13. Qe4+ g6 14. Qxe6 $18) 13. Nxc7 Bxe6 $1 ({But not} 13... d5 $6 14. Qd3+ Kg8 15. Nxa8 $11) 14. Nxe6 (14. Qe4+ $17 {nothing else works.} Kh8 15. Nxe8 Qxe8 16. Kf1) 14... Qf6 $19 {[%emt 0:00:21] Black is clearly winning.} ({Inferior is} 14... Qb6 15. Qg4 Rxe6+ 16. Qxe6 Qf2+ 17. Kd1 Qf1+ 18. Kd2 (18. Ne1 $2 Nf2+ 19. Kd2 Nc6 $19) 18... Qxg2+ 19. Qe2 $17) 15. Nfd4 (15. Kf1 $142 Rxe6 16. Bd2) 15... Nc6 16. Qd3+ Kh8 {[%emt 0:00:02] Weighted Error Value: White=0.90/Black=0.03 (flawless)} 0-1

[Event "4th Tata Steel India Blitz Women 2022"]
[Site "Kolkota"]
[Date "2022.12.03"]
[Round "2.1"]
[White "Kulkarni Bhakti"]
[Black "Savitha Shri B"]
[Result "0-1"]
[ECO "D00"]
[WhiteElo "2359"]
[BlackElo "2411"]
[Annotator "TA"]
[PlyCount "134"]
[EventDate "2022.11.29"]
[EventType "tourn"]
[EventCountry "IND"]
[SourceTitle "playchess.com"]
[Source "ChessBase"]
[SourceQuality "1"]
[TimeControl "180+2"]

1. d4 Nf6 2. Nf3 g6 3. Nc3 d5 4. Bf4 Bg7 5. Nb5 Na6 6. e3 {[%emt 0:00:04] D00: 1 d4 d5: Unusual lines.} c6 7. Nc3 Nc7 8. h3 {[%emt 0:00:04] The position is equal.} O-O 9. Bd3 c5 10. O-O Ne6 11. Be5 {[%emt 0:00:05] [#]} cxd4 $146 ({Predecessor:} 11... b6 12. a4 Bb7 13. a5 bxa5 14. Ra3 cxd4 15. Nxd4 Nc5 16. Bb5 Rc8 17. Qa1 a6 {0-1 (46) Zakarian,D (2349)-Jones,G (2659) England 2018}) 12. exd4 a6 13. Re1 b5 14. Bxf6 (14. Ne2 $14) 14... Bxf6 {[%emt 0:00:01] [#]} ({Black should try} 14... exf6 $11 15. a4 bxa4) 15. Nxd5 $1 $14 Bg7 {[%emt 0:00:35] [#]} (15... Qxd5 $2 16. Be4 Qc4 17. Bxa8 $16) 16. c3 $1 Bb7 (16... Qxd5 $2 17. Be4 Qd6 18. Bxa8 $18) 17. Ne3 b4 18. Rc1 bxc3 19. bxc3 Rc8 20. Bf1 Qa5 21. Nc4 $1 Qh5 22. Nce5 Nf4 (22... Ng5 $142) 23. Rb1 (23. c4 $16) 23... Ba8 (23... Bxf3 $11 {keeps the balance.} 24. Qxf3 Qxf3 25. Nxf3 Rxc3) 24. h4 $2 (24. Bxa6 $6 Rxc3 25. Bb7 Qf5 $14) (24. c4 $1 $16) 24... f6 (24... Rxc3 $15 25. Qd2 Rxf3 26. Nxf3 Nh3+ 27. Kh2 Bxf3 28. gxh3 (28. Kxh3 $2 Qg4+ 29. Kh2 Qxh4+ 30. Kg1 Bh6 $19) 28... Qxh4) 25. Nd3 $1 Nh3+ 26. Kh2 $1 $16 Rxc3 $2 (26... Ng5 $16 27. Nxg5 (27. Rxe7 $2 Nxf3+ 28. gxf3 Bxf3 $17) (27. Qb3+ Kh8 $11) 27... Qxd1 28. Rbxd1 (28. Rexd1 fxg5 29. hxg5 Rxc3 $14) 28... fxg5) 27. Kxh3 $18 g5 28. g3 $2 g4+ $2 (28... Qxf3 29. Qxf3 Bxf3 30. Rxe7 $14) (28... Bxf3 $15 {stays ahead.} 29. Be2 Bxe2 30. Rxe2 gxh4) 29. Kh2 $16 Bxf3 (29... gxf3 $2 30. Rxe7 Qd5 31. Qe1 $18) 30. Qd2 $36 {[%emt 0:00:01][%mdl 2048] Keeping Black busy.} Rc7 31. Nf4 (31. Nc5 {feels hotter.} Bh6 32. Qd3 Rfc8 33. Qc2) 31... Qf5 (31... Bh6 $1 $14) 32. Bxa6 $2 ({Only move:} 32. Bd3 $1 $18 Qc8 33. Ne6) 32... Rc2 (32... Bh6 $1 $14) 33. Bd3 (33. Qe3 $16 e5 34. Bd3 exf4 35. Bxf5 fxe3 36. Bxc2 exf2 37. Rf1) 33... Rxd2 $11 {[%emt 0:00:01] The board is on fire.} 34. Bxf5 Rxf2+ $2 (34... e5 $11 {and Black is okay.} 35. Nd3 e4) 35. Kg1 $18 Rd2 36. Rxe7 Rd8 37. Rxg7+ Kxg7 38. Ne6+ Kh6 39. Nxd8 Rg2+ 40. Kf1 Rxg3 41. Rb6 Rh3 $2 (41... Kh5 42. Rxf6 Kxh4) 42. Rxf6+ Kh5 43. Bxh7 Rxh4 $2 (43... Kxh4 $18 44. Kf2 Bd5 45. Rh6+ Kg5 46. Rxh3 gxh3) 44. a4 (44. Nf7 $142 g3 45. Rh6+ Kg4 46. Ne5+ Kg5 47. Nxf3+ Kxh6 48. Nxh4 Kxh7 49. a4) 44... Rh1+ 45. Kf2 {[%emt 0:00:00] White wants to mate with Nf7.} Rh2+ 46. Ke3 {[%emt 0:00:01] Threatening mate with Nf7.} Re2+ 47. Kf4 {[%emt 0:00:01] Nf7 would kill now.} Rf2 48. Bg6+ Kh4 49. Bf5 $2 (49. Rf5 $18 Bd1+ 50. Ke5 Re2+ 51. Kd6) 49... Bg2+ $2 (49... g3 $14 50. Ke5 Re2+ 51. Kf4 Rf2) 50. Ke3 Rf3+ 51. Ke2 Kg3 $2 (51... Kg5 $2 52. Rf8 Bf1+ 53. Ke1 $18) (51... Bf1+ 52. Ke1 Bd3 53. Rh6+ Kg5) 52. Ne6 Rf2+ 53. Ke1 Rf1+ {[%emt 0:00:03] [#]} 54. Kd2 $1 Rf2+ 55. Kc3 Be4 56. Ng7 Bd5 {[%emt 0:00:05] [#]} 57. Bd3 $1 {[%emt 0:00:04] And now Nh5+ would win.} Bf3 (57... Ra2 58. Nf5+) 58. Nh5+ Kg2 59. a5 Ra2 60. a6 g3 61. Rg6 $2 Bxh5 $11 {[%emt 0:00:05][%mdl 4096] Endgame KRB-KRB} 62. Rg7 {[%emt 0:00:02] Hoping for d5.} Bf3 {[%emt 0:00:01] Against d5} 63. a7 Kf2 64. Bc4 Ra3+ (64... Ra1 $5 65. Kb2 $8 Ra5 $11) 65. Kb4 Ra1 {[%emt 0:00:01] Threatens to win with ...g2.} 66. Rf7 {[%emt 0:00:05] aiming for Bd5.} g2 67. d5 $2 (67. Rxf3+ $11 Kxf3 68. Bd5+ Kg4 69. Bxg2 Rxa7 70. Bc6) 67... g1=Q {[%emt 0:00:02] What a bad dream for White.   Weighted Error Value: White=0.83/Black=0.78} ({Less strong is} 67... g1=B 68. d6 Kg3 69. Rg7+ (69. d7 Bb6 $11) 69... Kf4 {[#]} 70. Rxg1 $1 (70. Rf7+ Ke5 $11) 70... Rxg1 71. d7 $14) 0-1

[Event "4th Tata Steel India Blitz Women 2022"]
[Site "Kolkota"]
[Date "2022.12.03"]
[Round "2.2"]
[White "Dzagnidze, Nana"]
[Black "Vaishali, Rameshbabu"]
[Result "0-1"]
[ECO "A28"]
[WhiteElo "2517"]
[BlackElo "2454"]
[Annotator "TA"]
[PlyCount "52"]
[EventDate "2022.11.29"]
[EventType "tourn"]
[EventCountry "IND"]
[SourceTitle "playchess.com"]
[Source "ChessBase"]
[SourceQuality "1"]
[TimeControl "180+2"]

1. c4 e5 2. Nc3 Nc6 3. Nf3 Nf6 4. e3 Bb4 5. Nd5 e4 6. Nxb4 Nxb4 7. Nd4 c5 {[%emt 0:00:14] Inhibits a3. A28: English Opening: Four Knights Variation.} 8. Nb3 (8. Nc2 $11 {keeps the balance.}) 8... b6 $17 {[%emt 0:00:12] Black is more active.} 9. d4 exd3 {[%emt 0:00:04] Black is better.} 10. Bxd3 Nxd3+ 11. Qxd3 d5 {[%emt 0:00:05] Against e4} 12. cxd5 Qxd5 13. Qxd5 Nxd5 14. Bd2 {[%emt 0:00:15] [#]} Ba6 $146 ({Predecessor:} 14... f5 15. O-O Be6 16. Nc1 O-O-O 17. Ne2 Kb7 18. Rfc1 Rd7 19. a3 Rc8 20. Be1 a5 {0-1 (65) Narciso Dublan,M (2390)-Velicka,P (2415) Brno 1995}) 15. e4 Nc7 16. O-O-O Ne6 17. Bc3 Rd8 18. g3 Bb7 19. f3 Ke7 20. h4 h5 21. a3 f6 22. Rhe1 (22. Rxd8 $11 Rxd8 23. Rd1) 22... Bc6 $15 {[%emt 0:00:02] Threatens to win with ...Rxd1+.} 23. Re3 $2 {[%emt 0:00:01][%mdl 8192] [#] Loses the game.} (23. Rxd8 $15 Rxd8 24. Nd2) 23... Rxd1+ $19 24. Kxd1 Ba4 25. Kc2 c4 26. Bb4+ Kf7 {[%emt 0:00:01] Weighted Error Value: White=0.60/Black=0.06 (flawless)} 0-1